AoeStats
← Crowley

Fortress

507969187Analyzed
4v4 RM · 10d ago on Sep 20, 2026· 34m 47s· 8 players
Game mode
Random Map
Map size
Huge
Population
200
Speed
Normal
Resources
Standard
Victory
Conquest
Starting age
Dark Age
Ending age
Imperial Age
RankedLock teamsTeams togetherTeam positionsShared explorationLock speedFull tech treeHidden civsTurbo modeCheats
Victory
Defeat
🇸🇬 Burgundians · Singapore
1368
+13
🇨🇳 Celts · China
1326
+14
1227
+18
🇨🇭 Bohemians · Switzerland
1216
+19
🇹🇼 Magyars · Taiwan
1308
-17
🇨🇳 Bengalis · China
1293
-16
🇮🇳 Persians · India
1273
-16
🇨🇳 Spanish · China
1266
-15
George
7:56 Feudal Age
8:21 Loom
12:47 Castle Age
10:38 Double-Bit Axe
11:26 Horse Collar
17:02 Bow Saw
25:49 Scale Barding Armor
26:30 Wheelbarrow
28:08 Heavy Plow
32:03 Imperial Age
29:50 Hand Cart
29:23 Town Watch
30:10 Chain Barding Armor
30:21 Husbandry
31:49 Bloodlines
Vu_PY
6:35 Feudal Age
11:24 Castle Age
9:30 Double-Bit Axe
9:44 Horse Collar
12:12 Bow Saw
14:14 Wheelbarrow
21:13 Loom
21:20 Pikeman
22:04 Scale Mail Armor
Crowley
8:33 Feudal Age
9:37 Double-Bit Axe
9:44 Loom
12:57 Castle Age
10:42 Horse Collar
10:59 Stone Mining
11:48 Town Watch
12:01 Fletching
14:16 Bow Saw
19:39 Heavy Plow
22:00 Wheelbarrow
22:13 Gold Mining
28:04 Imperial Age
莫挨老子
9:24 Feudal Age
13:43 Castle Age
11:55 Horse Collar
12:03 Double-Bit Axe
12:34 Gold Mining
16:44 Wheelbarrow
19:39 Bloodlines
23:59 Padded Archer Armor
24:56 Husbandry
28:45 Imperial Age
27:59 Leather Archer Armor
27:35 Fletching
28:29 Loom
30:08 Ballistics
31:34 Chemistry
31:19 Conscription
33:03 Hand Cart
33:29 Bodkin Arrow
34:05 Ring Archer Armor
33:02 Elite Conquistador
Natriumdioxid
7:09 Feudal Age
11:23 Castle Age
9:24 Double-Bit Axe
9:28 Horse Collar
14:09 Loom
17:42 Bow Saw
18:33 Heavy Plow
26:48 Imperial Age
24:59 Wheelbarrow
24:18 Pikeman
24:58 Squires
25:11 Forging
25:02 Scale Mail Armor
27:27 Chemistry
27:17 Halberdier
29:41 Two-Man Saw
29:37 Iron Casting
29:18 Chain Mail Armor
30:09 Hand Cart
29:40 Town Watch
31:02 Ballistics
31:11 Siege Engineers
30:32 Houfnice
32:07 Heavy Scorpion
精锐南林林林
7:33 Feudal Age
8:30 Double-Bit Axe
11:15 Castle Age
9:32 Double-Bit Axe
9:52 Horse Collar
10:36 Gold Mining
12:23 Bow Saw
12:31 Heavy Plow
21:53 Scale Mail Armor
24:02 Wheelbarrow
24:57 Forging
29:50 Imperial Age
28:09 Hand Cart
27:40 Loom
27:40 Town Watch
29:09 Gold Shaft Mining
29:24 Chain Mail Armor
29:41 Arson
31:05 Plate Mail Armor
31:28 Furor Celtica
31:29 Stone Mining
33:52 Iron Casting
33:30 Capped Ram
8316699
2:48 Double-Bit Axe
4:00 Horse Collar
7:57 Feudal Age
11:38 Castle Age
10:31 Bow Saw
10:43 Heavy Plow
13:32 Two-Man Saw
17:43 Gold Mining
19:07 Wheelbarrow
19:55 Husbandry
19:15 Cavalier
20:13 Scale Barding Armor
20:18 Forging
24:09 Gold Shaft Mining
25:50 Hand Cart
25:57 Chain Barding Armor
25:31 Stone Mining
29:02 Imperial Age
28:00 Iron Casting
27:46 Hand Cart
27:18 Loom
28:05 Crop Rotation
28:11 Stone Shaft Mining
29:44 Two-Man Saw
28:36 Fletching
28:47 Padded Archer Armor
29:11 Paladin
30:18 Careening
30:18 Clinker Construction
30:51 Plate Barding Armor
精銳萌古騎豬突猛進
6:41 Feudal Age
8:32 Loom
8:40 Horse Collar
11:19 Castle Age
9:47 Double-Bit Axe
15:40 Bow Saw
15:20 Horse Collar
15:51 Fletching
17:19 Heavy Plow
19:18 Bodkin Arrow
20:35 Gold Mining
21:58 Stone Mining
22:50 Wheelbarrow
26:42 Imperial Age
24:01 Town Watch
25:15 Hand Cart
25:33 Ballistics
26:18 Stone Shaft Mining
26:11 Town Patrol
26:54 Guard Tower
27:15 Masonry
28:32 Chemistry
27:46 Bracer
28:30 Conscription
29:01 Thumb Ring
28:59 Padded Archer Armor
30:51 Elite Genoese Crossbowman
31:50 Guilds
31:57 Leather Archer Armor
Connection lost

Rejoining the realm…

Still unreachable

The connection could not be restored.

Session expired

The server has moved on; the page needs a fresh start.